AoeStats
← gmcornejo

Arena

504792705Analyzed
1v1 RM · 25d ago on Sep 6, 2026· 28m 53s· 2 players
Game mode
Random Map
Map size
Tiny (2 player)
Population
200
Speed
Normal
Resources
Standard
Victory
Conquest
Starting age
Dark Age
Ending age
Imperial Age
RankedLock teamsTeams togetherTeam positionsShared explorationLock speedFull tech treeHidden civsTurbo modeCheats
Victory
Defeat
🇺🇸 Turks · United States
944
+16
🇦🇷 Lithuanians · Argentina
940
-16
gmcornejo
5:09 Loom
9:54 Feudal Age
11:11 Horse Collar
16:31 Castle Age
15:19 Double-Bit Axe
17:45 Bow Saw
21:28 Heavy Plow
20:54 Pikeman
yawolloh
11:17 Feudal Age
16:00 Castle Age
14:28 Double-Bit Axe
15:26 Scale Barding Armor
16:04 Bloodlines
17:49 Forging
18:56 Bow Saw
20:28 Iron Casting
28:57 Fervor
Connection lost

Rejoining the realm…

Still unreachable

The connection could not be restored.

Session expired

The server has moved on; the page needs a fresh start.